 Dungeon Crawl Stone Soup version 0.30-a0-250-g41c1d76940 (webtiles) character file.

Game seed: 7033469606507444250

103 brouguemayhem the Trooper (level 4, -5/50 HPs)
             Began as an Ogre Berserker on Oct 11, 2022.
             Was a Believer of Trog.
             Slain by a gnoll
             ... wielding a +1 antimagic flail
              (8 damage)
             ... on level 3 of the Dungeon on Oct 12, 2022.
             The game lasted 00:30:46 (3108 turns).

brouguemayhem the Trooper (Ogre Berserker)          Turns: 3108, Time: 00:30:47

Health: -5/50      AC:  1    Str: 21    XL:     4   Next: 79%
Magic:  0/4        EV: 10    Int:  8    God:    Trog [**....]
Gold:   154        SH:  0    Dex: 10    Spells: 3/3 levels left

rFire   . . .      SeeInvis .    k - +0 quarterstaff
rCold   + . .      Faith    .    (shield currently unavailable)
rNeg    . . .      Spirit   .    (body armour restricted)
rPois   .          Reflect  .    (helmet restricted)
rElec   .          Harm     .    (no cloak)
rCorr   .          Rampage  .    (gloves unavailable)
Will    .....                    (boots unavailable)
Stlth   +.........               (no amulet)
HPRegen 0.28/turn                n - ring of protection from cold
MPRegen 0.09/turn                z - ring of flight

@: flying
A: large, unfitting armour, tough skin 1
a: Renounce Religion, Berserk, Trog's Hand


You were on level 3 of the Dungeon.
You worshipped Trog.
Trog was pleased with you.
You visited 1 branch of the dungeon, and saw 3 of its levels.

You collected 154 gold pieces.

Inventory:

Hand Weapons
 a - a +0 spear
 c - a +0 dagger
 e - a +0 dagger
 f - a +0 mace
 j - a +0 whip
 k - a +0 quarterstaff (weapon)
 l - a +0 short sword
 p - a +0 dagger
 w - a +0 flail
 A - a +0 sling
 C - a +0 short sword
Missiles
 d - 23 stones
 g - 3 boomerangs (quivered)
Armour
 b - a +0 animal skin
 h - a +0 helmet
 m - a +0 leather armour
 r - a +0 ring mail
 u - a +0 robe
 E - a +0 leather armour
 H - a +0 robe
 J - a +0 leather armour
Jewellery
 n - a ring of protection from cold (left hand)
 t - a ring of resist corrosion
 z - a ring of flight (right hand)
Scrolls
 i - 4 scrolls of summoning {unknown}
 o - a scroll of amnesia {unknown}
 v - a scroll of enchant weapon {unknown}
 x - 2 scrolls of silence {unknown}
 y - 2 scrolls of vulnerability {unknown}
 F - a scroll of torment {unknown}
 G - a scroll of fear {unknown}
 I - a scroll of blinking {unknown}
Potions
 q - 2 potions of heal wounds {unknown}
 s - a potion of berserk rage {unknown}
 B - a potion of might {unknown}
 D - a potion of mutation {unknown}


   Skills:
 + Level 5.1 Fighting
 + Level 1.2(1.5) Maces & Flails
 + Level 3.3(3.5) Polearms
 + Level 1.5(2.9) Staves
 + Level 0.8 Throwing
 + Level 3.1 Dodging
 + Level 0.2 Stealth


You had 3 spell levels left.
You didn't know any spells.
Your spell library contained the following spells:

 Spells                   Type           Power      Damage    Failure   Level
 Foxfire                  Conj/Fire      0%         2x1d4     41%         1
 Necrotise                Necr           0%         1d4       41%         1
 Ignite Poison            Fire/Tmut/Pois 0%         N/A       78%         3
 Kindle Blastsparks       Fire/Tloc/Air  0%         2d10      78%         3
 Vampiric Draining        Necr           0%         2d6       78%         3
 Agony                    Necr           0%         N/A       100%        5
 Fireball                 Conj/Fire      0%         3d3       100%        5
 Freezing Cloud           Conj/Ice/Air   0%         6-21      100%        5
 Starburst                Conj/Fire      0%         6d3       100%        6


Dungeon Overview and Level Annotations

Branches:
Dungeon (3/15)

Altars:


Innate Abilities, Weirdness & Mutations

You are too large for most types of armour.
You have tough skin. (AC +1)


Message History

Done exploring.
You see here a +0 club.
There is a stone staircase leading down here.
You can't go up here!
You fly downwards.
Found an inky potion.
There is a stone staircase leading up here.
Unknown command.
Throw: 3 boomerangs
Press: ? - help, Q - select action, (/) - cycle Shift-Dir - straight line, f - gnoll
Aim: a gnoll, wielding a +0 whip (61% to hit)
You throw a boomerang.
The boomerang hits the gnoll but does no damage.
You closely miss the gnoll. The gnoll hits you with a +0 whip!
You sock the gnoll!
The gnoll is heavily wounded.
The gnoll hits you with a +0 whip.
You closely miss the gnoll.
The gnoll is heavily wounded.
The gnoll hits you with a +0 whip.
You hit the gnoll.
The gnoll is almost dead.
The gnoll closely misses you.
The gnoll hits you with a +1 antimagic flail!
You feel your power leaking away. The gnoll closely misses you.
You sock the gnoll!
You kill the gnoll!
Trog accepts your kill.
The gnoll hits you with a +1 antimagic flail!
You barely miss the gnoll.
The gnoll hits you with a +1 antimagic flail.
* * * LOW HITPOINT WARNING * * *
You thump the gnoll!
The gnoll is severely wounded.
The gnoll hits you with a +1 antimagic flail!
* * * LOW HITPOINT WARNING * * *
You can't go down here!
The gnoll hits you with a +1 antimagic flail!
You die...

...#
#####.#####
#..........
###.###.#####
#..<# #.#
##.### #.#
######...####.#
#.#g...#......#
#@)##..g######
##!###.##
#.##g# ####
#...# #......
#..... .......
#..#####
#...#.# #...
#...... #.#.
#...#.# # #
#...#.#


You could see a gnoll.

Vanquished Creatures
  2 gnolls
  2 adders
  2 worms (D:2)
  8 endoplasms
  A giant cockroach (D:1)
  8 goblins
  6 hobgoblins
  3 quokkas
  4 ball pythons
  2 bats (D:2)
  4 frilled lizards
  10 kobolds
  7 rats
59 creatures vanquished.

Notes
Turn   | Place    | Note
-------+----------+-------------------------------------------
     0 | D:1      | brouguemayhem the Ogre Berserker began the quest for the
                  | Orb.
     0 | D:1      | Reached XP level 1. HP: 24/24 MP: 1/1
    57 | D:1      | You fall into a shaft and drop 1 floor!
   159 | D:2      | Reached XP level 2. HP: 29/32 MP: 2/2
   533 | D:1      | Upgraded the game from 0.30-a0-242-g7bf8e6d787 to
                  | 0.30-a0-250-g41c1d76940
   674 | D:1      | Found a faded altar of an unknown god.
   775 | D:1      | Reached XP level 3. HP: 40/40 MP: 3/3
   986 | D:2      | Reached skill level 1 in Maces & Flails
  1073 | D:2      | Reached ** piety under Trog
  1394 | D:2      | Reached XP level 4. HP: 29/49 MP: 4/4
  2183 | D:3      | Reached skill level 5 in Fighting
  2183 | D:3      | Reached skill level 1 in Staves
  3107 | D:3      | HP: 2/50 [gnoll/+1 antimagic flail (10)]
  3108 | D:3      | Slain by a gnoll

Illustrated notes

Levels and vault maps discovered:
D:1:      eino_arrival_water_cross, layout_basic, nicolae_ecumenical_lake_church
D:2:      minmay_recursive_quarters, layout_basic, minmay_pentomino_t2
D:3:      layout_loops_ring, minmay_surrounded

Skill      XL: |  1  2  3  4 |
---------------+-------------+-----
Maces & Flails | 1 |  1.2
Dodging        | 3 |  3.1
Fighting       | 5 |  5.1
Staves         | 1 |  1.5
Polearms       | |  3.3
Throwing       | |  0.8
Stealth        | |  0.2

Action                   |  1- 3 |  4- 6 || total
-------------------------+-------+-------++-------
Melee: Spear             |    23 |       ||    23
       Mace              |    62 |       ||    62
       Quarterstaff      |    33 |    45 ||    78
Throw: Boomerang         |    14 |     8 ||    22
       Stone             |     2 |       ||     2
  Use: Potion            |     3 |       ||     3
Armor: Animal skin       |    29 |       ||    29
       Skin              |     5 |     1 ||     6
Dodge: Dodged            |    76 |    28 ||   104

Table legend: (Time is in decaauts)
 A = Elapsed time spent in this place.
 B = Non-inter-level travel time spent in this place.
 C = Inter-level travel time spent in this place.
 D = Time resting spent in this place.
 E = Time spent auto-exploring this place.
 F = Levels seen in this place.
 G = Mean time per level.
                   A        B        C        D        E       F      G
               +--------+--------+--------+--------+--------+-----+--------+
         Total |   3150 |   1649 |   1501 |      0 |   1167 |   3 | 1050.0 |
       Dungeon |   3150 |   1649 |   1501 |      0 |   1167 |   3 | 1050.0 |
               +--------+--------+--------+--------+--------+-----+--------+

Top non-repeatable levels by time:
     D:1: 1413 daAuts
     D:2: 1362 daAuts
     D:3: 375 daAuts
